 Dungeon Crawl Stone Soup version 0.24.0-13-gcf9b3192b9 (webtiles) character file.

Game seed: 8065826301125004106, levelgen mode: deterministic

119 Matador8 the Charmwright (level 4, -7/36 HPs)
             Began as a Draconian Skald on Nov 8, 2019.
             Mangled by a gnoll
             ... wielding a +0 flail
              (10 damage)
             ... on level 2 of the Dungeon.
             The game lasted 00:11:36 (2462 turns).

Matador8 the Charmwright (Draconian Skald)          Turns: 2462, Time: 00:11:36

Health: -7/36      AC:  5    Str: 13    XL:     4   Next: 73%
Magic:  2/8        EV: 12    Int: 15    God:
Gold:   146        SH:  0    Dex: 10    Spells: 1/8 levels left

rFire    . . .     SeeInvis .   a - +0 mace
rCold    . . .     Gourm    .   (no shield)
rNeg     . . .     Faith    .   (armour unavailable)
rPois    .         Spirit   .   (helmet restricted)
rElec    .         Reflect  .   (no cloak)
rCorr    .         Harm     .   (no gloves)
MR       .....                  (no boots)
Stlth    +.........             (no amulet)
HPRegen  1.12/turn              (no ring)
MPRegen  0.11/turn              (no ring)

@: lethally poisoned (-7 -> -7), infused (expiring), regenerating (expiring),
hasted, very quick
A: unfitting armour, cold-blooded, AC +5
a: no special abilities


You were on level 2 of the Dungeon.
You were very hungry.

You visited 1 branch of the dungeon, and saw 2 of its levels.

You collected 146 gold pieces.

Inventory:

Hand Weapons
 a - a +0 mace (weapon)
 o - a +3 dagger of protection
Scrolls
 d - a scroll of magic mapping {unknown}
 h - 2 scrolls of enchant armour {unknown}
 i - 2 scrolls of identify {unknown}
 m - a scroll of remove curse {unknown}
 n - a scroll of teleportation {unknown}
 p - a scroll of amnesia {unknown}
Potions
 b - a potion of berserk rage {unknown}
 e - 3 potions of haste
 f - a potion of magic {unknown}
 g - a potion of cancellation {unknown}
 j - 2 potions of curing {unknown}
 l - a potion of agility {unknown}
Comestibles
 c - 3 rations


   Skills:
 - Level 2.1 Fighting
 - Level 3.0 Maces & Flails
 - Level 2.1 Dodging
 - Level 2.7 Spellcasting
 + Level 0.3 Hexes
 - Level 3.4 Charms
 + Level 2.0 Necromancy


You had one spell level left.
You knew the following spells:

 Your Spells              Type           Power        Failure   Level  Hunger
a - Infusion              Chrm           ##..         4%          1    #......
b - Regeneration          Chrm/Necr      ##........   21%         3    ###....
c - Spectral Weapon       Hex/Chrm       #.......     28%         3    ###....

Your spell library contained the following spells:

 Spells                   Type           Power        Failure   Level  Hunger
 Song of Slaying          Chrm           ##......     8%          2    ##.....
 Shroud of Golubria       Chrm/Tloc      #.....       16%         2    ##.....


Dungeon Overview and Level Annotations

Branches:
Dungeon (2/15)

Altars:


Innate Abilities, Weirdness & Mutations

Your plain brown scales are hard. (AC +5)
You cannot fit into any form of body armour.
You are cold-blooded and may be slowed by cold attacks.


Message History

You thump the adder!
You kill the adder!
Your Necromancy skill increases to level 2!
Your skin is crawling a little less now.
You feel sick. The gnoll hits you but does no damage.
You hit the gnoll.
Your tail-slap misses the gnoll.
The gnoll is moderately wounded.
The gnoll hits you with a +0 flail!
* * * LOW HITPOINT WARNING * * *
You hit the gnoll.
The gnoll is moderately wounded.
Your magical infusion is running out.
You feel sick.
You closely miss the gnoll.
The gnoll is moderately wounded.
The gnoll misses you.
You closely miss the gnoll.
The gnoll is moderately wounded.
The gnoll hits you with a +0 flail!
You die...

...# #
...# #..#
.....
.....
.....
.....#
......
....
###......
...##.#
#g.......
g......
#@#......
g..##.#
#†# #...#
# #.# ..#
#.# # #.#
#.. ..♣
#.♣ ...


You could see a gnoll.

Vanquished Creatures
  2 gnolls (D:2)
  5 adders
  A worm (D:2)
  3 dart slugs
  2 leopard geckos
  A ball python (D:2)
  2 bats
  3 giant cockroaches
  7 goblins
  3 hobgoblins
  4 jackals (D:1)
  2 quokkas
  5 frilled lizards (D:1)
  4 rats (D:1)
44 creatures vanquished.

Notes
Turn   | Place    | Note
-------+----------+-------------------------------------------
     0 | D:1      | Matador8 the Draconian Skald began the quest for the Orb.
     0 | D:1      | Reached XP level 1. HP: 17/17 MP: 3/3
   234 | D:1      | Reached XP level 2. HP: 24/24 MP: 1/5
   676 | D:1      | Reached XP level 3. HP: 24/29 MP: 0/6
  1400 | D:2      | Learned a level 3 spell: Regeneration
  1610 | D:2      | Reached skill level 1 in Necromancy
  1770 | D:2      | Reached XP level 4. HP: 35/36 MP: 2/7
  2342 | D:2      | Learned a level 3 spell: Spectral Weapon
  2462 | D:2      | Mangled by a gnoll

Levels and vault maps discovered:
D:1:      dpeg_arrival_oval, layout_basic, minmay_misc_feat_iff,
          item_on_display_a
D:2:      layout_basic, chequers_ecumenical_altar_grove

Skill      XL: |  1  2  3  4 |
---------------+-------------+-----
Charms         | 3 |  3.4
Maces & Flails | 3 |  3.0
Necromancy     | 1 2 |  2.0
Fighting       | |  2.1
Dodging        | |  2.1
Spellcasting   | |  2.7
Hexes          | |  0.3

Action                   |  1- 3 |  4- 6 || total
-------------------------+-------+-------++-------
Melee: Mace              |    98 |    51 ||   149
       Tailslap          |     9 |     7 ||    16
 Cast: Infusion          |    13 |     6 ||    19
       Regeneration      |       |     1 ||     1
       Spectral Weapon   |       |     1 ||     1
  Use: Potion            |       |     1 ||     1
  Eat: Ration            |     1 |       ||     1
       Chunk             |       |     1 ||     1
Armor: Skin              |    40 |    17 ||    57
Dodge: Dodged            |    91 |    37 ||   128
